 Dungeon Crawl Stone Soup version 0.30-a0-368-g86fb4627a9 (webtiles) character file.

Game seed: 18280081626191683742

424 qeuew the Ruffian (level 6, -1/56 (61) HPs)
             Began as a Troll Fighter on Nov 20, 2022.
             Was an Initiate of Cheibriados.
             Shot with a sling bullet by a goblin (5 damage)
             ... on level 4 of the Dungeon.
             The game lasted 00:03:46 (2363 turns).

qeuew the Ruffian (Troll Fighter)                   Turns: 2363, Time: 00:03:46

HP:   -1/56 (61)    AC:  4    Str: 28    XL:     6   Next: 64%
MP:   5/5           EV:  9    Int:  5    God:    Cheibriados [......]
Gold: 242           SH:  9    Dex: 10    Spells: 5/5 levels left

rFire   . . .      SeeInvis .      - Unarmed
rCold   . . .      Faith    .    b - +1 kite shield
rNeg    . . .      Spirit   .    a - +0 robe
rPois   .          Reflect  .    (helmet restricted)
rElec   .          Harm     .    (no cloak)
rCorr   .          Rampage  .    (gloves unavailable)
Will    .....                    (boots unavailable)
Stlth   +.........               (no amulet)
HPRegen 1.09/turn                (no ring)
MPRegen 0.09/turn                (no ring)

@: mighty, drained, very slow
A: large, unfitting armour, claws 3, regeneration 1, shaggy fur 1, tough skin 1
a: Renounce Religion


You were on level 4 of the Dungeon.
You worshipped Cheibriados.
Cheibriados was noncommittal.
You visited 2 branches of the dungeon, and saw 5 of its levels.

You collected 242 gold pieces.

Inventory:

Armour
 a - a +0 robe (worn)
 b - a +1 kite shield (worn)
Scrolls
 g - a scroll of enchant weapon
 h - a scroll of amnesia
 i - a scroll of enchant armour
 j - a scroll of magic mapping
 k - a scroll of blinking
 l - 3 scrolls of fog {unknown}
Potions
 d - 2 potions of curing
 f - a potion of brilliance


   Skills:
 + Level 3.5 Fighting
 + Level 3.4 Dodging
 + Level 3.9 Shields
 * Level 4.8 Unarmed Combat


You had 5 spell levels left.
You didn't know any spells.
Your spell library contained the following spells:

 Spells                   Type           Power      Damage    Failure   Level
 Blink                    Tloc           0%         N/A       88%         2
 Manifold Assault         Tloc           0%         N/A       100%        4
 Storm Form               Tmut/Air       0%         N/A       100%        7


Dungeon Overview and Level Annotations

Branches:
Dungeon (4/15)             Temple (1/1) D:4

Altars:
Ashenzari
Cheibriados
Elyvilon
Fedhas
Hepliaklqana
Kikubaaqudgha
Okawaru
Qazlal
Ru
Vehumet
Wu Jian
Xom
Yredelemnul
Zin

Shops:
D:1 (*


Innate Abilities, Weirdness & Mutations

You are too large for most types of armour.
You have claws for hands.
Your natural rate of healing is unusually fast.
You are covered in fur. (AC +1)
You have tough skin. (AC +1)


Message History

You are too injured to fight recklessly!
You are too injured to fight recklessly!
You are too injured to fight recklessly!
You are too injured to fight recklessly!
You are too injured to fight recklessly!
You are too injured to fight recklessly!
You are too injured to fight recklessly!
You scratch the iguana but do no damage.
The iguana is moderately wounded.
The necrophage hits you but does no damage.
The iguana bites you!
* * * LOW HITPOINT WARNING * * *
The goblin shoots a sling bullet.
You block the sling bullet.
You scratch the iguana.
The iguana is severely wounded.
The necrophage hits you.
* * * LOW HITPOINT WARNING * * *
You feel drained. The iguana bites you!
* * * LOW HITPOINT WARNING * * *
You feel much better. The iguana misses you. You block the necrophage's attack.
The goblin shoots a sling bullet.
The sling bullet closely misses you.
You feel very mighty all of a sudden. The necrophage hits you.
You feel drained. The iguana barely misses you.
A quokka comes into view.
The goblin shoots a sling bullet.
You block the sling bullet.
You scratch the iguana but do no damage.
The iguana is heavily wounded.
You block the necrophage's attack. The iguana barely misses you.
The goblin shoots a sling bullet.
The sling bullet hits you.
Unknown command.
You scratch the iguana but do no damage.
The iguana is heavily wounded.
The iguana bites you!
* * * LOW HITPOINT WARNING * * *
The necrophage hits you.
* * * LOW HITPOINT WARNING * * *
You feel drained.
* * * LOW HITPOINT WARNING * * *
The goblin shoots a sling bullet.
The sling bullet hits you.
You die...

..................# #.#
#.########...###.# ##..
#..<# #.⌠.# #####...
#...# #...######....
#.#.###....÷........ .
##.#........#.#......
.≈.#.....#....##.#..#...
.§..r.#.##....<#.#......
.§..g..@.......#.#...##.
.≈.#/.nl.....#.#.#...##.
........####.....#......
≈≈.#.##.# ###.#####.###
.. #. #.# #.....# #.# #
# ..# #.....# #.# ..#
#.....# #.# ..# #.....#
#.. #..(..# ###


You could see a necrophage, an iguana, a quokka and a goblin.

Vanquished Creatures
  Sigmund (D:3)
  A scorpion (D:4)
  2 vampire bats (D:3)
  Terence (D:3)
  2 adders
  An ufetubus (D:4)
  3 worms
  3 dart slugs
  3 ball pythons
  A bat skeleton (D:3)
  3 bat zombies (D:3)
  6 endoplasms
  2 giant cockroaches
  5 goblins
  6 hobgoblins
  A jackal (D:1)
  5 kobolds
  4 quokkas
  A frilled lizard (D:1)
  5 rats (D:2)
56 creatures vanquished.

Notes
Turn   | Place    | Note
-------+----------+-------------------------------------------
     0 | D:1      | qeuew the Troll Fighter began the quest for the Orb.
     0 | D:1      | Reached XP level 1. HP: 22/22 MP: 0/0
   246 | D:1      | Reached XP level 2. HP: 29/29 MP: 1/1
   552 | D:1      | Found Suikeeru's Antique Weapon Emporium.
   742 | D:1      | Found Dithapen's General Store.
  1219 | D:2      | Reached XP level 3. HP: 36/36 MP: 2/2
  1404 | D:3      | Reached skill level 3 in Unarmed Combat
  1540 | D:3      | Found an ancient bone altar of Kikubaaqudgha.
  1554 | D:3      | Reached XP level 4. HP: 44/44 MP: 3/3
  1565 | D:3      | Reached XP level 5. HP: 53/53 MP: 4/4
  1634 | D:3      | Noticed Terence
  1650 | D:3      | Killed Terence
  1816 | D:3      | Noticed Sigmund
  1851 | D:3      | Killed Sigmund
  1852 | D:3      | Reached skill level 4 in Unarmed Combat
  1852 | D:3      | Reached XP level 6. HP: 50/61 MP: 5/5
  2133 | D:4      | Found a broken altar of Ashenzari.
  2237 | D:4      | Found a staircase to the Ecumenical Temple.
  2274 | Temple   | Entered the Ecumenical Temple
  2308 | Temple   | Became a worshipper of Cheibriados the Contemplative
  2359 | D:4      | HP: 1/58 [iguana (12)]
  2363 | D:4      | Shot with a sling bullet by a goblin

Illustrated notes

Levels and vault maps discovered:
D:1:      roderic_chinese_lattice_arrival, layout_basic, serial_shops, shop,
          shop, nicolae_concentric_dashed_squares_mild, hex_tiny,
          minmay_distorted
D:2:      layout_basic
D:3:      layout_rooms, kennysheep_vampire_church, uniq_terence, uniq_sigmund
D:4:      layout_loops_cross, ashenzari_altar_1,
          mainiacjoe_overflow_cross_hatched, minmay_temple_entry_junction
Temple:   regret_index_temple_waves

Skill      XL: |  1  2  3  4  5 |
---------------+----------------+-----
Shields        | 3 |  3.9
Unarmed Combat | 3 4 |  4.8
Fighting       | 3 |  3.5
Dodging        | 3 |  3.4

Action                   |  1- 3 |  4- 6 || total
-------------------------+-------+-------++-------
Melee: Unarmed           |   141 |    74 ||   215
  Use: Scroll            |     8 |     1 ||     9
       Potion            |     1 |     3 ||     4
 Stab: Sleeping          |     2 |       ||     2
Armor: Robe              |    46 |    27 ||    73
Dodge: Dodged            |    35 |    17 ||    52
Block: Kite shield       |    60 |    32 ||    92

Table legend: (Time is in decaauts)
 A = Elapsed time spent in this place.
 B = Non-inter-level travel time spent in this place.
 C = Inter-level travel time spent in this place.
 D = Time resting spent in this place.
 E = Time spent auto-exploring this place.
 F = Levels seen in this place.
 G = Mean time per level.
                   A        B        C        D        E       F      G
               +--------+--------+--------+--------+--------+-----+--------+
         Total |   2371 |   2233 |    138 |    200 |   1566 |   5 |  474.2 |
       Dungeon |   2302 |   2198 |    104 |    200 |   1541 |   4 |  575.5 |
        Temple |     69 |     35 |     34 |      0 |     25 |   1 |   69.0 |
               +--------+--------+--------+--------+--------+-----+--------+

Top non-repeatable levels by time:
     D:1: 1001 daAuts
     D:3: 623 daAuts
     D:2: 393 daAuts
     D:4: 284 daAuts
  Temple: 69 daAuts
